 Dungeon Crawl Stone Soup version 0.28.0-45-g0d030f2227 (webtiles) character file.

Game seed: 6510208457345906597

71 crimpus the Skirmisher (level 4, -4/41 HPs)
             Began as a Minotaur Fighter on Apr 18, 2022.
             Slain by Sigmund
             ... wielding a +3 scythe of protection
              (11 damage)
             ... on level 2 of the Dungeon.
             The game lasted 00:03:51 (2341 turns).

crimpus the Skirmisher (Minotaur Fighter)           Turns: 2341, Time: 00:03:51

Health: -4/41      AC:  9    Str: 23    XL:     4   Next: 5%
Magic:  3/3        EV:  7    Int:  5    God:
Gold:   30         SH:  4    Dex:  9    Spells: 3/3 levels left

rFire   . . .      SeeInvis .   a - +0 war axe
rCold   . . .      Faith    .   c - +0 buckler
rNeg    . . .      Spirit   .   d - +0 chain mail
rPois   .          Reflect  .   (helmet restricted)
rElec   .          Harm     .   (no cloak)
rCorr   .          Rampage  .   (no gloves)
Will    .....                   (no boots)
Stlth   ..........              (no amulet)
HPRegen 0.13/turn               (no ring)
MPRegen 0.08/turn               (no ring)

@: hasted, very quick
A: horns 2, retaliatory headbutt
a: no special abilities


You were on level 2 of the Dungeon.
You visited 1 branch of the dungeon, and saw 2 of its levels.

You collected 30 gold pieces.

Inventory:

Hand Weapons
 a - a +0 war axe (weapon)
Armour
 c - a +0 buckler (worn)
 d - a +0 chain mail (worn)
Scrolls
 b - a scroll of amnesia
 f - a scroll of identify
Potions
 e - 2 potions of curing
 g - a potion of haste


   Skills:
 + Level 4.5 Fighting
 - Level 2.4 Axes
 + Level 4.4 Armour
 + Level 0.6 Dodging
 + Level 4.5 Shields


You had 3 spell levels left.
You didn't know any spells.
Your spell library contained the following spells:

 Spells                   Type           Power      Damage    Failure   Level
 Call Canine Familiar     Summ           0%         N/A       100%        3
 Portal Projectile        Hex/Tloc       0%         N/A       100%        3
 Leda's Liquefaction      Hex/Erth       0%         N/A       100%        4


Dungeon Overview and Level Annotations

Branches:
Dungeon (2/15)

Altars:

Shops:
D:1 !   D:2 !(=(*

Annotations:
D:2 Sigmund


Innate Abilities, Weirdness & Mutations

You have a pair of horns on your head.
You reflexively headbutt those who attack you in melee.


Message History

No target in view!
Sigmund the Dreaded comes into view.
He is wielding a +3 scythe of protection.
Sigmund shouts!
Sigmund drinks a potion.
Sigmund's spells are empowered!
Sigmund is nearby!
It was a potion of curing.
You feel better.
Sigmund points at you and mumbles some strange words.
The magic dart hits you!
It was a potion of cancellation.
You feel magically purged.
You feel yourself speed up. Sigmund gestures at you while chanting.
You are confused.
You're too confused to move!
Sigmund points at you and mumbles some strange words.
The puff of flame hits you. Sigmund looks at you with fury.
You bump into the rock wall.
Sigmund casts a spell at you.
You struggle to resist.
You bump into the rock wall.
Sigmund hits you with a +3 scythe of protection!
You bump into the rock wall.
You bump into the rock wall.
Sigmund points at you and mumbles some strange words.
You struggle to resist.
You barely miss Sigmund. Your headbutt misses Sigmund.
You feel less confused. Sigmund casts a spell at you. The magic dart hits you.
You hit Sigmund but do no damage. Sigmund gestures at you while chanting.
The puff of flame hits you!
* * * LOW HITPOINT WARNING * * *
You hit Sigmund.
Sigmund is lightly wounded.
Sigmund gestures wildly while chanting.
Sigmund flickers and vanishes!
Deactivating autopickup; reactivate with Ctrl-A.
You closely miss something. Something hits you!
You die...

### # ###### #.. #
#....# #.# # #.##.# #.#
# # #.##.# ##.########
#####. #
#.##.#######..........
......##
###.##..........@{......
.###.>..
....##########..####.###
........ ###.........
#..# .####.##
#.#######.##..## # #
#.####### .... #.##
#.#.....# ##..##### #.##
###.#.###.# #..#...##
#.## ....#.# #.#
#.......# #.## #...#.#
#.# #.......# #.##


There were no monsters in sight!

Vanquished Creatures
  Terence (D:2)
  A dart slug (D:1)
  A worm (D:2)
  4 endoplasms
  3 giant cockroaches
  8 goblins
  2 hobgoblins (D:2)
  5 kobolds
  3 quokkas
  4 ball pythons
  A bat (D:2)
  4 frilled lizards
  A rat (D:2)
38 creatures vanquished.

Notes
Turn   | Place    | Note
-------+----------+-------------------------------------------
     0 | D:1      | crimpus the Minotaur Fighter began the quest for the Orb.
     0 | D:1      | Reached XP level 1. HP: 19/19 MP: 0/0
   338 | D:1      | Reached XP level 2. HP: 23/27 MP: 1/1
   675 | D:1      | Found a faded altar of an unknown god.
  1159 | D:1      | Found Ahueseipt's Distillery.
  1515 | D:2      | Reached XP level 3. HP: 23/33 MP: 2/2
  1715 | D:2      | Found Vuic's Weapon Boutique.
  1715 | D:2      | Noticed Terence
  1731 | D:2      | Killed Terence
  2007 | D:2      | Found Xuaji's General Store.
  2067 | D:2      | Found Wiceuv's Antique Weapon Boutique.
  2069 | D:2      | Reached XP level 4. HP: 39/41 MP: 3/3
  2212 | D:2      | Found Vezinick's Jewellery Shop.
  2236 | D:2      | Found Gunolol's Distillery.
  2324 | D:2      | Noticed Sigmund
  2341 | D:2      | Slain by Sigmund

Illustrated notes

Levels and vault maps discovered:
D:1:      lightli_arrival_windingriver, layout_basic, serial_shops, shop,
          ebering_ecumenical_altar_abandoned, serial_corexii_hall,
          corexii_hall_statues_l, corexii_hall_statues_u,
          chequers_serial_rivers_micro_a
D:2:      layout_loops_ring, serial_shops, shop, nicolae_shop_window_shopping,
          shop_statue, nicolae_shop_crystal, nicolae_diamond_shop, uniq_sigmund,
          uniq_terence

Skill      XL: |  1  2 |
---------------+-------+-----
Fighting       | 4 |  4.5
Shields        | 4 |  4.5
Armour         | 4 |  4.4
Axes           | |  2.4
Dodging        | |  0.6

Action                   |  1- 3 |  4- 6 || total
-------------------------+-------+-------++-------
Melee: War axe           |    80 |     8 ||    88
       Headbutt          |     7 |       ||     7
  Use: Scroll            |     3 |       ||     3
       Potion            |     1 |     3 ||     4
Armor: Scale mail        |    35 |       ||    35
       Chain mail        |     5 |     3 ||     8
Dodge: Dodged            |    34 |       ||    34
Block: Buckler           |    13 |     1 ||    14
